 Dungeon Crawl Stone Soup version 0.30-a0-137-gd8773701ce (webtiles) character file.

Game seed: 12542962394605693951

285 LnG the Sneak (level 6, -12/33 HPs)
             Began as a Kobold Summoner on Sept 23, 2022.
             Killed themself with a badly aimed iceblast (13 damage)
             ... on level 4 of the Dungeon.
             The game lasted 00:14:52 (4070 turns).

LnG the Sneak (Kobold Summoner)                     Turns: 4070, Time: 00:14:53

Health: -12/33     AC:  2    Str:  5    XL:     6   Next: 55%
Magic:  3/11       EV: 15    Int: 18    God:
Gold:   224        SH:  5    Dex: 16    Spells: 3/12 levels left

rFire   . . .      SeeInvis .    d - +1 dagger
rCold   . . .      Faith    .    (no shield)
rNeg    . . .      Spirit   .    a - +0 robe
rPois   .          Reflect  +    (no helmet)
rElec   .          Harm     .    (no cloak)
rCorr   .          Rampage  .    (no gloves)
Will    .....                    (no boots)
Stlth   ++++......               o - amulet of reflection
HPRegen 0.11/turn                (no ring)
MPRegen 0.12/turn                (no ring)

@: no status effects
A: small, no large weapons, nightstalker 3
a: no special abilities


You were on level 4 of the Dungeon.
You visited 1 branch of the dungeon, and saw 4 of its levels.

You collected 224 gold pieces.

Inventory:

Hand Weapons
 d - a +1 dagger (weapon)
Armour
 a - a +0 robe (worn)
Jewellery
 c - an amulet of magic regeneration
 o - an amulet of reflection (around neck)
Wands
 k - a wand of iceblast (3)
Scrolls
 g - a scroll of magic mapping
 h - 2 scrolls of poison
 t - a scroll of teleportation {unknown}
Potions
 f - 2 potions of attraction
 j - a potion of haste
 l - a potion of flight {unknown}
 m - 2 potions of mutation {unknown}
 n - a potion of invisibility {unknown}
 p - a potion of resistance {unknown}
 q - a potion of curing {unknown}
 r - a potion of degeneration {unknown}
 s - a potion of brilliance {unknown}


   Skills:
 + Level 0.3 Fighting
 + Level 2.1 Short Blades
 + Level 3.0 Dodging
 + Level 5.5 Stealth
 + Level 3.6 Spellcasting
 + Level 5.1 Summonings


You had 3 spell levels left.
You knew the following spells:

 Your Spells              Type           Power      Damage    Failure   Level
a - Summon Small Mammal   Summ           84%        N/A       1%          1
b - Call Imp              Summ           21%        N/A       2%          2
c - Call Canine Familiar  Summ           21%        N/A       5%          3
d - Summon Guardian Gole  Hex/Summ       12%        N/A       16%         3

Your spell library contained the following spells:

 Spells                   Type           Power      Damage    Failure   Level
 Beastly Appendage        Tmut           6%         N/A       16%         1
 Wereblood                Tmut           3%         N/A       24%         2
 Inner Flame              Hex/Fire       3%         N/A       43%         3
 Spider Form              Tmut/Pois      3%         N/A       43%         3
 Summon Lightning Spire   Summ/Air       12%        N/A       47%         4
 Cause Fear               Hex            1%         N/A       83%         4
 Discord                  Hex            1%         N/A       100%        8


Dungeon Overview and Level Annotations

Branches:
Dungeon (4/15)
 Temple: D:4-7

Altars:

Annotations:
D:4 Eustachio


Innate Abilities, Weirdness & Mutations

You are small and have problems with some larger weapons.
You are completely attuned to the shadows.


Message History

Something hits your guardian golem but does no damage.
Something hits your guardian golem but does no damage.
Something hits your guardian golem.
Something hits your guardian golem but does no damage.
A puff of flame appears from out of thin air!
The puff of flame hits your guardian golem.
Your guardian golem resists.
Something hits your guardian golem but does no damage.
Something hits your guardian golem but does no damage.
Something hits your guardian golem but does no damage.
Something hits your guardian golem but does no damage.
Something hits your guardian golem but does no damage.
Your hound disappears in a puff of smoke!
Something hits your guardian golem but does no damage.
An orc wizard appears from thin air!
Reactivating autopickup.
The orc wizard hits your guardian golem but does no damage.
The orc wizard hits your guardian golem but does no damage.
The orc wizard hits your guardian golem but does no damage.
Your guardian golem disappears in a puff of smoke!
The orc wizard points at you and mumbles some strange words.
The magic dart hits you!
* * * LOW HITPOINT WARNING * * *
Casting: Call Imp (safe; 2% risk of failure)
Confirm with . or Enter, or press ? or * to list all spells.
The spell is quite dangerous to miscast (16% risk of failure)!
Continue anyway?
Okay, then.
As you read the scroll labelled ANYIGH ASAIXT, it crumbles to dust.
It is a scroll of enchant weapon.
Your +0 dagger glows red for a moment.
The orc wizard mumbles some strange words.
The orc wizard flickers and vanishes!
Deactivating autopickup; reactivate with Ctrl-A.
Aiming: Iceblast
Press: ? - help, Shift-Dir - straight line, f - orc
Aim: an orc, wielding a +0 club and wearing a +0 scale mail The mass of ice explodes!
The iceblast engulfs something!
Reactivating autopickup.
You feel a bit more experienced. The iceblast engulfs you!
You die...

#.#.###.#.#
###<#.###.#.#
>..)).......#
...#####....#
##.# #.#.## #.#
#..## #.# #.##
# #.#####.#
########o##
#.......#
#...@)oho.#
######.##
#.######...
#######5#####.#
.#
<......5..r§..#
#
###############
# ##### .....


You could see a hound and 3 orcs.

Vanquished Creatures
  A jelly (D:4)
  An orc priest (D:3)
  2 orc wizards
  An adder (D:2)
  2 gnolls
  4 orcs
  5 ball pythons
  3 endoplasms
  2 giant cockroaches (D:2)
  4 goblins
  A hobgoblin (D:2)
  A quokka (D:1)
  6 bats
  3 kobolds
  3 rats
39 creatures vanquished.

Vanquished Creatures (collateral kills)
  An orc priest (D:3)
  3 gnolls (D:4)
  An adder (D:3)
  A worm (D:2)
  10 orcs
  4 endoplasms
  A giant cockroach (D:3)
  7 hobgoblins
  4 jackals
  A kobold (D:1)
  3 quokkas
  2 ball pythons
  3 frilled lizards
  3 goblins
  4 rats
48 creatures vanquished.

Vanquished Creatures (others)
  31 plants (D:2)
31 creatures vanquished.

Grand Total: 118 creatures vanquished

Notes
Turn   | Place    | Note
-------+----------+-------------------------------------------
     0 | D:1      | LnG the Kobold Summoner began the quest for the Orb.
     0 | D:1      | Reached XP level 1. HP: 10/10 MP: 3/3
   178 | D:1      | Reached XP level 2. HP: 15/15 MP: 5/5
   181 | D:1      | Learned a level 2 spell: Call Imp
   553 | D:1      | Reached XP level 3. HP: 19/19 MP: 6/6
   557 | D:1      | Learned a level 3 spell: Call Canine Familiar
   796 | D:1      | Reached skill level 1 in Short Blades
  1304 | D:2      | Reached XP level 4. HP: 24/24 MP: 7/7
  2239 | D:3      | Reached XP level 5. HP: 14/28 MP: 7/9
  2932 | D:3      | Reached skill level 5 in Stealth
  3132 | D:3      | Reached XP level 6. HP: 3/32 MP: 2/10
  3560 | D:4      | Learned a level 3 spell: Summon Guardian Golem
  3574 | D:4      | Reached skill level 5 in Summonings
  3977 | D:4      | Noticed Eustachio
  4068 | D:4      | HP: 1/33 [orc wizard/magic dart (9)]
  4070 | D:4      | Killed themself with a badly aimed iceblast

Illustrated notes

Levels and vault maps discovered:
D:1:      evilmike_arrival_hilbert_curve, layout_loops_ring
D:2:      layout_loops_ring, serial_bayou, serial_bayou_pond_a,
          serial_bayou_shore_a, serial_bayou_pond_a, serial_bayou_lagoon_a,
          cheibrodos_gnoll_hut
D:3:      layout_basic
D:4:      layout_loops_ring, roderic_serpentine_path, uniq_eustachio

Skill      XL: |  1  2  3  4  5  6 |
---------------+-------------------+-----
Stealth        | 3 4 5 |  5.5
Short Blades   | 1 2 |  2.1
Spellcasting   | 3 |  3.6
Dodging        | 3 |  3.0
Summonings     | 5 |  5.1
Fighting       | |  0.3

Action                   |  1- 3 |  4- 6 || total
-------------------------+-------+-------++-------
Melee: Dagger            |    42 |   108 ||   150
       Unarmed           |     3 |       ||     3
       Punch             |       |     2 ||     2
 Cast: Summon Small Mamm |    11 |     2 ||    13
       Call Imp          |     7 |    11 ||    18
       Call Canine Famil |     5 |    15 ||    20
       Summon Guardian G |       |     1 ||     1
  Use: Scroll            |       |     6 ||     6
       Potion            |       |     2 ||     2
 Stab: Sleeping          |    11 |    14 ||    25
       Distracted        |     1 |     2 ||     3
Armor: Robe              |     5 |     9 ||    14
       Skin              |       |    21 ||    21
Dodge: Dodged            |    26 |    31 ||    57
Block: Other             |       |    13 ||    13

Table legend: (Time is in decaauts)
 A = Elapsed time spent in this place.
 B = Non-inter-level travel time spent in this place.
 C = Inter-level travel time spent in this place.
 D = Time resting spent in this place.
 E = Time spent auto-exploring this place.
 F = Levels seen in this place.
 G = Mean time per level.
                   A        B        C        D        E       F      G
               +--------+--------+--------+--------+--------+-----+--------+
         Total |   4121 |   3955 |    166 |   1058 |   1991 |   4 | 1030.2 |
       Dungeon |   4121 |   3955 |    166 |   1058 |   1991 |   4 | 1030.2 |
               +--------+--------+--------+--------+--------+-----+--------+

Top non-repeatable levels by time:
     D:3: 1361 daAuts
     D:2: 1184 daAuts
     D:1: 1060 daAuts
     D:4: 513 daAuts
